 Dungeon Crawl Stone Soup version 0.31-a0-818-ge7c7cf74f0 (webtiles) character file.

Game seed: 568288238297090712

23 2FriedEggs the Vexing (level 2, 0/23 HPs)
             Began as a Gnoll Hexslinger on Sept 21, 2023.
             Slain by a gnoll
             ... wielding a +0 flail
              (4 damage)
             ... on level 1 of the Dungeon on Sept 23, 2023.
             The game lasted 00:01:40 (496 turns).

2FriedEggs the Vexing (Gnoll Hexslinger)             Turns: 496, Time: 00:01:41

Health: 0/23       AC:  2    Str:  7    XL:     2   Next: 95%
Magic:  5/5        EV: 13    Int: 12    God:
Gold:   66         SH:  0    Dex: 14    Spells: 6/6 levels left

rFire   . . .        a - +1 sling
rCold   . . .        (no shield)
rNeg    . . .        c - +0 robe
rPois   .            (no helmet)
rElec   .            (no cloak)
rCorr   .            (no gloves)
SInv    .            (no boots)
Will    .....        (no amulet)
Stlth   +            (no ring)
HPRegen 0.23/turn    (no ring)
MPRegen 0.09/turn

%: no passive effects
@: no status effects
A: fangs 1, strong nose, distributed training
a: no special abilities


You were on level 1 of the Dungeon.
You visited 1 branch of the dungeon, and saw 2 of its levels.

You collected 66 gold pieces.

Inventory:

Hand Weapons
 a - a +1 sling (weapon)
Armour
 c - a +0 robe (worn)
Scrolls
 b - a scroll of poison
 d - a scroll of identify {unknown}
 f - a scroll of blinking {unknown}
 g - a scroll of immolation {unknown}
Potions
 e - a potion of degeneration {unknown}


   Skills:
 + Level 2.5 Fighting
 + Level 0.5 Short Blades
 + Level 0.5 Long Blades
 + Level 0.5 Axes
 + Level 0.5 Maces & Flails
 + Level 0.5 Polearms
 + Level 0.5 Staves
 + Level 4.5 Ranged Weapons
 + Level 0.5 Throwing
 + Level 0.5 Armour
 + Level 4.5 Dodging
 + Level 0.5 Stealth
 + Level 0.5 Shields
 + Level 0.5 Unarmed Combat
 + Level 2.7 Spellcasting
 + Level 0.4 Conjurations
 + Level 5.4 Hexes
 + Level 0.4 Summonings
 + Level 0.4 Necromancy
 + Level 0.4 Translocations
 + Level 0.4 Transmutations
 + Level 2.0 Fire Magic
 + Level 0.4 Ice Magic
 + Level 0.4 Air Magic
 + Level 0.4 Earth Magic
 + Level 0.4 Poison Magic
 + Level 0.7 Invocations
 + Level 0.5 Evocations
 + Level 0.5 Shapeshifting


You had 6 spell levels left.
You didn't know any spells.
Your spell library contained the following spells:

 Spells                   Type           Power      Damage    Failure   Level
 Jinxbite                 Hex            28%        N/A       4%          2
 Sigil of Binding         Hex            14%        N/A       9%          3
 Inner Flame              Hex/Fire       10%        N/A       16%         3
 Sting                    Tmut/Pois      8%         1d3       22%         1
 Cause Fear               Hex            7%         N/A       26%         4
 Poisonous Vapours        Pois/Air       4%         N/A       32%         2
 Dimensional Bullseye     Hex/Tloc       4%         N/A       58%         4
 Olgreb's Toxic Radiance  Pois           2%         N/A       91%         4


Dungeon Overview and Level Annotations

Branches:
Dungeon (2/15)

Altars:


Innate Abilities, Weirdness & Mutations

You have very sharp teeth.
Your uncanny sense of smell can sniff out nearby items.
Your experience applies equally to all skills.


Message History

Done exploring.
Done exploring.
Done exploring.
There is a stone staircase leading down here.
You climb downwards.
There is a stone staircase leading up here.
You shoot a sling bullet. The sling bullet hits the gnoll.
The gnoll shouts!
The gnoll is heavily wounded.
The gnoll shouts! x2
A rat comes into view.
The gnoll closely misses you. x2
You climb upwards.
There is a stone staircase leading down here.
The gnoll barely misses you. x2
The gnoll barely misses you. The gnoll closely misses you.
The gnoll attacks as it pursues you! The gnoll closely misses you.
The gnoll attacks as it pursues you! The gnoll closely misses you.
The gnoll attacks as it pursues you! The gnoll hits you with a +0 flail!
You shoot a sling bullet.
The sling bullet barely misses the gnoll.
The sling bullet closely misses the gnoll.
The gnoll hits you with a +0 flail!
* * * LOW HITPOINT WARNING * * *
You are too injured to fight recklessly!
You aren't carrying any items that you can evoke.
Welcome back, 2FriedEggs the Gnoll Hexslinger.
Press ? for a list of commands and other information.
The gnoll attacks as it pursues you! The gnoll barely misses you.
You are too injured to fight recklessly!
You are too injured to fight recklessly!
You shoot a sling bullet. The sling bullet hits the gnoll.
The gnoll is moderately wounded.
The gnoll hits you with a +0 flail.
* * * LOW HITPOINT WARNING * * *
You shoot a sling bullet. The sling bullet hits the gnoll.
The gnoll is moderately wounded.
The gnoll barely misses you. The gnoll hits you with a +0 flail.
You die...

# #.............# #
#.........[...# #
#......)......# #
#.......÷.....# #
#...[.........# ##
#######.......# .#
########.......#
.#####......#.......#
.#..............@..##
.#..............gg.#
.#.................#
...................#
.#.÷.......).......#
.#.....)....####.###
######
.#.......÷..####.##
#....#
.##......#........#
#.##.#
.##...##..........#
#.#..#


You could see 2 gnolls.

Vanquished Creatures
  A bat (D:1)
  3 endoplasms (D:1)
  2 giant cockroaches (D:1)
  4 goblins (D:1)
  3 jackals (D:1)
  3 kobolds (D:1)
  A quokka (D:1)
  2 frilled lizards (D:1)
19 creatures vanquished.

Notes
Turn   | Place    | Note
-------+----------+-------------------------------------------
     0 | D:1      | 2FriedEggs the Gnoll Hexslinger began the quest for the
                  | Orb.
     0 | D:1      | Reached XP level 1. HP: 17/17 MP: 4/4
    49 | D:1      | Reached XP level 2. HP: 23/23 MP: 5/5
   492 | D:1      | Upgraded the game from 0.31-a0-810-ga77100ea1a to
                  | 0.31-a0-818-ge7c7cf74f0
   496 | D:1      | Slain by a gnoll

Illustrated notes

Levels and vault maps discovered:
D:1:      ebering_trefoil_twist, layout_basic
D:2:      layout_rooms, basic_altar, uniq_sigmund, uniq_robin, uniq_jessica

Skill      XL: |  1 |
---------------+----+-----
Fire Magic     | 2 |  2.0
Fighting       | |  2.5
Short Blades   | |  0.5
Long Blades    | |  0.5
Axes           | |  0.5
Maces & Flails | |  0.5
Polearms       | |  0.5
Staves         | |  0.5
Ranged Weapons | |  4.5
Throwing       | |  0.5
Armour         | |  0.5
Dodging        | |  4.5
Stealth        | |  0.5
Shields        | |  0.5
Unarmed Combat | |  0.5
Spellcasting   | |  2.7
Conjurations   | |  0.4
Hexes          | |  5.4
Summonings     | |  0.4
Necromancy     | |  0.4
Translocations | |  0.4
Transmutations | |  0.4
Ice Magic      | |  0.4
Air Magic      | |  0.4
Earth Magic    | |  0.4
Poison Magic   | |  0.4
Invocations    | |  0.7
Evocations     | |  0.5
Shapeshifting  | |  0.5

Action                     || total
---------------------------++-------
   Fire: Sling             ||    52
 Armour: Robe              ||     8
  Dodge: Dodged            ||    22

Table legend: (Time is in decaauts)
 A = Elapsed time spent in this place.
 B = Non-inter-level travel time spent in this place.
 C = Inter-level travel time spent in this place.
 D = Time resting spent in this place.
 E = Time spent auto-exploring this place.
 F = Levels seen in this place.
 G = Mean time per level.
                   A        B        C        D        E       F      G
               +--------+--------+--------+--------+--------+-----+--------+
         Total |    507 |    491 |     16 |      0 |    384 |   2 |  253.5 |
       Dungeon |    507 |    491 |     16 |      0 |    384 |   2 |  253.5 |
               +--------+--------+--------+--------+--------+-----+--------+

Top non-repeatable levels by time:
     D:1: 504 daAuts
     D:2: 3 daAuts
